 Dungeon Crawl Stone Soup version 0.27-a0-972-gd1521fd518 (webtiles) character file.

Game seed: 7701499092410358797

722 kae the Ruffian (level 7, -8/57 HPs)
             Began as a Black Draconian Transmuter on Apr 13, 2021.
             Mangled by an iguana (13 damage)
             ... on level 5 of the Dungeon.
             The game lasted 00:05:27 (5655 turns).

kae the Ruffian (Black Draconian Transmuter)        Turns: 5655, Time: 00:05:28

Health: -8/57      AC:  2    Str: 15    XL:     7   Next: 43%
Magic:  9/11       EV: 20    Int: 19    God:
Gold:   324        SH:  0    Dex: 16    Spells: 4/12 levels left

rFire    + . .     SeeInvis .     - Unarmed
rCold    . . .     Faith    .   (shield currently unavailable)
rNeg     . . .     Spirit   .   (armour unavailable)
rPois    x         Reflect  .   (helmet currently unavailable)
rElec    .         Harm     .   (cloak currently unavailable)
rCorr    .         Rampage  .   (gloves currently unavailable)
Will     .....                  (boots currently unavailable)
Stlth    +.........             (no amulet)
HPRegen  0.19/turn              c - +6 ring of intelligence
MPRegen  0.12/turn              h - ring of protection from fire

@: spider-form (expiring)
A: venomous fangs, (breathe lightning), AC +6, tiny, unfitting armour,
(electricity resistance), (cold-blooded)
a: End Transformation


You were on level 5 of the Dungeon.
You were a venomous arachnid creature.
You visited 1 branch of the dungeon, and saw 5 of its levels.

You collected 324 gold pieces.

Inventory:

Armour
 f - a +0 pair of gloves (melded)
Jewellery
 c - a +6 ring of intelligence (left front leg)
 h - a ring of protection from fire (right front leg)
Wands
 e - a wand of mindburst (12)
Potions
 a - 3 potions of haste
 b - 3 potions of brilliance
 d - 4 potions of curing
 g - a potion of flight
 i - a potion of resistance {unknown}
 j - a potion of degeneration


   Skills:
 + Level 3.4 Fighting
 + Level 3.1 Dodging
 * Level 5.3 Unarmed Combat
 + Level 3.3 Spellcasting
 * Level 4.8 Transmutations


You had 4 spell levels left.
You knew the following spells:

 Your Spells              Type           Power      Damage    Failure   Level
a - Beastly Appendage     Tmut           42%        N/A       8%          1
b - Spider Form           Tmut/Pois      6%         N/A       36%         3
c - Ice Form              Ice/Tmut       12%        N/A       71%         4

Your spell library contained the following spells:

 Spells                   Type           Power      Damage    Failure   Level
 Wereblood                Tmut           21%        N/A       11%         2
 Animate Skeleton         Necr           6%         N/A       34%         1
 Apportation              Tloc           6%         N/A       34%         1
 Corona                   Hex            3%         N/A       34%         1
 Summon Small Mammal      Summ           12%        N/A       34%         1
 Call Imp                 Summ           3%         N/A       43%         2
 Call Canine Familiar     Summ           3%         N/A       63%         3
 Summon Guardian Golem    Hex/Summ       3%         N/A       63%         3
 Summon Ice Beast         Ice/Summ       3%         N/A       94%         4
 Summon Lightning Spire   Summ/Air       3%         N/A       94%         4
 Hydra Form               Tmut           10%        N/A       71%         5


Dungeon Overview and Level Annotations

Branches:
Dungeon (5/15)
 Temple: D:4-7

Altars:
Cheibriados
Hepliaklqana
Nemelex Xobeh
Qazlal
Trog
Uskayaw

Shops:
D:5 *


Innate Abilities, Weirdness & Mutations

You are a venomous arachnid creature.
You have poisonous fangs.
You are tiny and dextrous.
Your spellcasting is less reliable in this form.
Your armour is entirely melded.
You are incapable of wielding weapons or throwing items.
((You can breathe wild blasts of lightning.))
((Your glossy black scales are hard. (AC +6)))
You cannot fit into any form of body armour.
((You are resistant to electric shocks. (rElec)))
((You are cold-blooded and may be slowed by cold attacks.))


Message History

You bite the centaur!
The centaur is poisoned.
The centaur is heavily wounded.
The centaur unwields a +0 shortbow.
The centaur hits you. The centaur misses you. Ijyb hits you with a +0 club.
The iguana misses you.
You bite Ijyb!
Ijyb looks as sick as possible!
Ijyb is severely wounded.
The centaur closely misses you. The centaur barely misses you.
Ijyb hits you with a +0 club. The iguana bites you!
* * * LOW HITPOINT WARNING * * *
The centaur closely misses you. The centaur completely misses you.
You hit the centaur but do no damage.
The centaur looks as sick as possible!
The centaur is severely wounded.
Ijyb screams, "I no like you!" Ijyb closely misses you.
The centaur closely misses you. x2
The iguana completely misses you.
You hit Ijyb but do no damage.
Ijyb looks as sick as possible!
Ijyb is severely wounded.
The centaur completely misses you.
The centaur kicks you but does no damage.
Ijyb misses you. The iguana completely misses you.
Okay, then.
You hit Ijyb but do no damage.
Ijyb looks as sick as possible!
Ijyb is almost dead.
You kill the centaur!
Ijyb completely misses you. The iguana closely misses you.
You barely miss Ijyb.
Ijyb is almost dead.
Ijyb completely misses you. The iguana bites you.
* * * LOW HITPOINT WARNING * * *
You completely miss the iguana.
Your transformation is almost over.
Ijyb hits you with a +0 club.
* * * LOW HITPOINT WARNING * * *
You barely miss the iguana.
You kill Ijyb!
The iguana completely misses you.
You hit the iguana.
The iguana is lightly wounded.
The iguana bites you!
You die...

#........ #........
##### #........
####...## #.......(
#.......# #........
#.P.P...#####........
####.._....##...)).....#
.....P.....##...sl.....#
####.....#.##...........
#.....#.##.......###.
#.....+.##.......#
#.....####.......#
#)....#..........#
#.#...#.##.......#
#.#####.##.......# ##
#.....#.##........#


You could see an iguana.

Vanquished Creatures
  2 black bears (D:5)
  A centaur (D:5)
  2 scorpions (D:4)
  An iron imp (D:3)
  2 hounds (D:4)
  Ijyb (D:5)
  Natasha (thrice) (D:3)
  A hound skeleton (D:4)
  4 adders
  3 gnolls (D:3)
  2 worms (D:2)
  A dart slug (D:2)
  An orc (D:5)
  2 bats (D:1)
  5 endoplasms
  3 giant cockroaches
  5 goblins
  3 hobgoblins
  11 jackals
  3 quokkas
  7 ball pythons
  5 frilled lizards
  6 kobolds
  6 rats
80 creatures vanquished.

Vanquished Creatures (others)
  A rat (D:2)
1 creature vanquished.

Grand Total: 81 creatures vanquished

Notes
Turn   | Place    | Note
-------+----------+-------------------------------------------
     0 | D:1      | kae the Draconian Transmuter began the quest for the Orb.
     0 | D:1      | Reached XP level 1. HP: 16/16 MP: 3/3
   647 | D:1      | Reached XP level 2. HP: 21/23 MP: 5/5
  1535 | D:2      | Reached XP level 3. HP: 15/28 MP: 3/6
  1960 | D:2      | Found a faded altar of an unknown god.
  2735 | D:3      | Reached XP level 4. HP: 34/36 MP: 7/7
  2774 | D:3      | Learned a level 3 spell: Spider Form
  2811 | D:3      | Found a hide-covered altar of Uskayaw.
  2904 | D:3      | Found a snail-covered altar of Cheibriados.
  3127 | D:3      | Reached skill level 4 in Unarmed Combat
  3380 | D:3      | Noticed Natasha
  3386 | D:3      | Killed Natasha
  3387 | D:3      | Reached XP level 5. HP: 35/41 MP: 4/8
  3699 | D:3      | Noticed Natasha
  3969 | D:3      | Killed Natasha
  4047 | D:3      | Noticed Natasha
  4054 | D:3      | Killed Natasha
  4132 | D:4      | Found a sparkling altar of Nemelex Xobeh.
  4254 | D:4      | Reached XP level 6. HP: 48/50 MP: 7/10
  4283 | D:4      | Learned a level 4 spell: Ice Form
  4956 | D:4      | Found a stormy altar of Qazlal.
  4975 | D:4      | Found a hazy altar of Hepliaklqana.
  5478 | D:5      | Entered Level 5 of the Dungeon
  5478 | D:5      | Found Xawyjuty's General Store.
  5523 | D:5      | Found a bloodstained altar of Trog.
  5534 | D:5      | Reached skill level 5 in Unarmed Combat
  5534 | D:5      | Your scales start taking on a glossy black colour.
  5534 | D:5      | Reached XP level 7. HP: 57/57 MP: 7/11
  5534 | D:5      | Gained mutation: You are resistant to electric shocks.
                  | (rElec) [Black Draconian growth]
  5639 | D:5      | Noticed Ijyb
  5654 | D:5      | Killed Ijyb
  5655 | D:5      | Mangled by an iguana

Illustrated notes

Levels and vault maps discovered:
D:1:      dpeg_arrival_brainrot, layout_loops_ring, minmay_statues_item,
          minivault_27
D:2:      layout_rooms, hellmonk_ecumenical_altar_inner_sanctum,
          minmay_misc_feat_plants, minmay_fractal_squares_gapless_5
D:3:      layout_basic, slow_altar_1, amcnicky_altar_gilded, uniq_natasha
D:4:      layout_rooms, general_overflow_altar, kennysheep_little_box,
          overflow_temple_1_default, hangedman_decor_growths,
          palyth_stone_intersect
D:5:      layout_basic, trog_ov_bears_minmay,
          nicolae_ru_great_annihilating_truth, jmf_multi_god_temple,
          portal_sewer_entry_d, serial_shops, shop, uniq_menkaure, uniq_ijyb

Skill      XL: |  1  2  3  4  5  6  7 |
---------------+----------------------+-----
Dodging        | 2 3 |  3.1
Transmutations | 3 4 |  4.8
Fighting       | 2 3 |  3.4
Unarmed Combat | 4 5 |  5.3
Spellcasting   | 3 |  3.3

Action                   |  1- 3 |  4- 6 |  7- 9 || total
-------------------------+-------+-------+-------++-------
Melee: Unarmed           |   147 |   123 |    14 ||   284
       Tailslap          |    14 |     6 |       ||    20
       Kick              |     6 |     8 |       ||    14
       Headbutt          |    10 |     6 |       ||    16
       Punch             |       |     1 |       ||     1
 Cast: Beastly Appendage |    13 |    11 |       ||    24
       Spider Form       |       |    12 |     1 ||    13
  Use: Scroll            |     5 |     6 |       ||    11
       Potion            |       |     1 |       ||     1
 Stab: Sleeping          |     1 |       |       ||     1
Armor: Skin              |    62 |    34 |     1 ||    97
Dodge: Dodged            |    89 |   111 |    27 ||   227

Table legend: (Time is in decaauts)
 A = Elapsed time spent in this place.
 B = Non-inter-level travel time spent in this place.
 C = Inter-level travel time spent in this place.
 D = Time resting spent in this place.
 E = Time spent auto-exploring this place.
 F = Levels seen in this place.
 G = Mean time per level.
                   A        B        C        D        E       F      G
               +--------+--------+--------+--------+--------+-----+--------+
         Total |   5632 |   5527 |    105 |    693 |   4105 |   5 | 1126.4 |
       Dungeon |   5632 |   5527 |    105 |    693 |   4105 |   5 | 1126.4 |
               +--------+--------+--------+--------+--------+-----+--------+

Top non-repeatable levels by time:
     D:4: 1525 daAuts
     D:2: 1414 daAuts
     D:1: 1391 daAuts
     D:3: 1125 daAuts
     D:5: 174 daAuts
